 Dungeon Crawl Stone Soup version 0.31-a0-460-g9e667d4245 (webtiles) character file.

Game seed: 6472789123212442293

916 pascalblue the Conjurer (level 7, 0/35 (36) HPs)
             Began as a Deep Elf Conjurer on Aug 4, 2023.
             Slain by a kobold brigand
             ... wielding a +1 short sword of chaos
              (4 damage)
             ... on level 5 of the Dungeon.
             The game lasted 00:11:34 (4894 turns).

pascalblue the Conjurer (Deep Elf Conjurer)         Turns: 4894, Time: 00:11:35

HP:   0/35 (36)     AC:  8    Str:  4    XL:     7   Next: 83%
MP:   15/17         EV: 14    Int: 28    God:
Gold: 308           SH:  0    Dex: 13    Spells: 3/17 levels left

rFire   . . .        D - +3 quarterstaff (chaos)
rCold   . . .        (shield currently unavailable)
rNeg    . . .        a - +0 robe
rPois   .            g - +2 helmet {Int+3}
rElec   .            E - +2 cloak
rCorr   .            (no gloves)
SInv    +            (no boots)
Will    .....        w - amulet of magic regeneration
Stlth   +++          s - ring of see invisible
HPRegen 0.25/turn    (no ring)
MPRegen 0.55/turn

%: no passive effects
@: slowed, lightly drained, very slow
A: no striking features
a: no special abilities


You were on level 5 of the Dungeon.
You visited 1 branch of the dungeon, and saw 5 of its levels.

You collected 308 gold pieces.

Inventory:

Hand Weapons
 d - a +0 dagger
 f - a +1 dagger of speed
 B - a +2 dagger of draining
 D - a +3 quarterstaff of chaos (weapon)
Armour
 a - a +0 robe (worn)
 g - a +2 helmet of intelligence (worn)
 E - a +2 cloak (worn)
Jewellery
 r - a +6 ring of dexterity
 s - a ring of see invisible (left hand)
 u - a ring of poison resistance
 w - an amulet of magic regeneration (around neck)
 C - a ring of protection from cold
Wands
 y - a wand of flame (20)
Scrolls
 e - 3 scrolls of teleportation
 j - a scroll of fog
 o - 2 scrolls of blinking {unknown}
 q - 2 scrolls of immolation {unknown}
 t - a scroll of torment {unknown}
 A - a scroll of noise {unknown}
Potions
 b - a potion of magic
 c - a potion of ambrosia {unknown}
 h - a potion of degeneration {unknown}
 i - a potion of invisibility {unknown}
 k - a potion of mutation {unknown}
 l - 2 potions of might
 m - a potion of lignification {unknown}
 n - 2 potions of attraction
 p - 3 potions of resistance
 v - 3 potions of curing
 x - a potion of cancellation {unknown}
 z - a potion of heal wounds {unknown}


   Skills:
 + Level 5.2 Dodging
 + Level 5.7 Stealth
 + Level 5.8 Spellcasting
 * Level 7.5 Conjurations
 + Level 1.9 Hexes


You had 3 spell levels left.
You knew the following spells:

 Your Spells              Type           Power      Damage    Failure   Level
a - Magic Dart            Conj           100%       1d8       1%          1
b - Searing Ray           Conj           100%       2d8       1%          2
c - Fulminant Prism       Conj/Hex       17%        3d10      9%          4
d - Blink                 Tloc           16%        N/A       10%         2
e - Call Imp              Summ           16%        N/A       10%         2
f - Dazzling Flash        Conj/Hex       68%        N/A       2%          3

Your spell library contained the following spells:

 Spells                   Type           Power      Damage    Failure   Level
 Momentum Strike          Conj/Tloc      58%        3d9       1%          2
 Mephitic Cloud           Conj/Pois/Air  22%        N/A       7%          3
 Lesser Beckoning         Tloc           16%        N/A       10%         2
 Iskenderun's Mystic Bla  Conj/Tloc      29%        2d7       13%         4


Dungeon Overview and Level Annotations

Branches:
Dungeon (5/15)             Temple (0/1) D:4

Altars:
Qazlal
Ru
Xom
The Shining One


Message History

Press: ? - help, Shift-Dir - straight line, f - kobold
Aim: a kobold, wielding a +2 whip of chaos (79% to hit)
The searing ray hits the kobold!
You kill the kobold! (Press . to maintain the ray.) Unknown command.
The kobold brigand throws a curare-tipped dart.
The curare-tipped dart hits you.
You are poisoned.
You have difficulty breathing.
You feel yourself slow down.
You feel very sick.
You feel very sick.
You feel sick.
You feel sick.
You feel sick.
Casting: Searing Ray (safe; 1% risk of failure)
Confirm with . or Enter, or press ? or * to list all spells.
Aiming: Searing Ray (safe; 1% risk of failure)
Press: ? - help, Shift-Dir - straight line, f - kobold brigand
Aim: a kobold brigand, wielding a +1 short sword of chaos and quivering curare-tipped darts (79% to hit)
The searing ray hits the kobold brigand.
The kobold brigand is lightly wounded. (Press . to maintain the ray.)
You feel sick.
The kobold brigand completely misses you.
The kobold brigand hits you with a +1 short sword of chaos.
You are electrocuted!
* * * LOW HITPOINT WARNING * * *
The searing ray hits the kobold brigand.
The kobold brigand is moderately wounded.
You feel sick.
You are no longer poisoned.
The kobold brigand closely misses you.
The searing ray hits the kobold brigand.
The kobold brigand is moderately wounded.
The kobold brigand hits you with a +1 short sword of chaos.
* * * LOW HITPOINT WARNING * * *
You feel drained.
The kobold brigand hits you with a +1 short sword of chaos.
You die...

###...#[..##KK...'.#...........##
......##K##......'.#..##)##.###.#
.######### #....##)#..##.##.# ##.
)......(# ##... #.#..##.##.####.
)######## #.## #K#..##.#.......
)# # #.#..##.#....... <#
#.#..##.#.......
.#################.#..##.#.......
................@K....#..........
##################>##.#.#........
# #.##...#........ #
#.#....#........ #
#...######...#.# ###....#.....##.
#.<..#.....### #### #.##.#.##..#
# ..)# #.##...##..###


You could see a kobold brigand.

Vanquished Creatures
  Grinder (D:4)
  Edmund (D:5)
  2 phantoms (D:4)
  A hound (D:5)
  2 orc priests (D:5)
  Crazy Yiuf (D:5)
  An orc wizard (D:5)
  Natasha (thrice) (D:4)
  An iguana (D:4)
  A sleepcap (D:5)
  7 adders
  A white imp (D:4)
  3 dart slugs
  15 orcs
  6 bats
  9 endoplasms
  A giant cockroach (D:2)
  9 goblins
  6 hobgoblins
  7 jackals
  4 quokkas
  10 ball pythons
  3 frilled lizards
  2 goblin skeletons (D:4)
  3 hobgoblin zombies (D:4)
  6 kobolds
  2 kobold skeletons (D:4)
  A kobold zombie (D:4)
  An orc skeleton (D:4)
  2 orc zombies (D:4)
  4 rats
116 creatures vanquished.

Notes
Turn   | Place    | Note
-------+----------+-------------------------------------------
     0 | D:1      | pascalblue the Deep Elf Conjurer began the quest for the
                  | Orb.
     0 | D:1      | Reached XP level 1. HP: 10/10 MP: 6/6
   223 | D:1      | Found a faded altar of an unknown god.
   234 | D:1      | Reached XP level 2. HP: 15/15 MP: 6/8
   585 | D:1      | Learned a level 2 spell: Searing Ray
   663 | D:1      | Reached XP level 3. HP: 19/19 MP: 4/9
  1027 | D:2      | Reached skill level 5 in Conjurations
  1548 | D:2      | Reached XP level 4. HP: 24/24 MP: 7/11
  3025 | D:4      | Found a glowing golden altar of the Shining One.
  3201 | D:4      | Reached XP level 5. HP: 28/28 MP: 11/13
  3235 | D:4      | Noticed a phantom
  3243 | D:4      | Killed a phantom
  3257 | D:4      | Noticed a phantom
  3265 | D:4      | Found a stormy altar of Qazlal.
  3265 | D:4      | Noticed Natasha
  3267 | D:4      | Killed a phantom
  3268 | D:4      | Reached skill level 6 in Conjurations
  3268 | D:4      | Reached XP level 6. HP: 31/32 MP: 4/14
  3278 | D:4      | Killed Natasha
  3308 | D:4      | Noticed Natasha
  3320 | D:4      | Killed Natasha
  3438 | D:4      | Found a staircase to the Ecumenical Temple.
  3677 | D:4      | Noticed Natasha
  3686 | D:4      | Killed Natasha
  3731 | D:4      | Noticed Grinder
  3738 | D:4      | Killed Grinder
  3739 | D:4      | Reached skill level 5 in Stealth
  3739 | D:4      | Reached skill level 5 in Spellcasting
  3739 | D:4      | Reached skill level 7 in Conjurations
  3739 | D:4      | Reached XP level 7. HP: 32/36 MP: 9/17
  3840 | D:4      | Learned a level 4 spell: Fulminant Prism
  3843 | D:4      | Learned a level 2 spell: Blink
  3846 | D:4      | Learned a level 2 spell: Call Imp
  3850 | D:4      | Learned a level 3 spell: Dazzling Flash
  3935 | D:5      | Entered Level 5 of the Dungeon
  3952 | D:5      | Identified the +11 short sword of Reason {chaos, Fly}
  4141 | D:5      | Noticed Edmund
  4150 | D:5      | Killed Edmund
  4151 | D:5      | Reached skill level 5 in Dodging
  4151 | D:5      | Reached skill level 1 in Hexes
  4364 | D:5      | Found a large runed translucent door.
  4383 | D:5      | Found a large runed translucent door.
  4388 | D:5      | Found a shimmering altar of Xom.
  4658 | D:5      | Found a sacrificial altar of Ru.
  4781 | D:5      | Found a runed translucent door.
  4782 | D:5      | Noticed Crazy Yiuf
  4787 | D:5      | Killed Crazy Yiuf
  4894 | D:5      | Slain by a kobold brigand

Illustrated notes

Levels and vault maps discovered:
D:1:      mrwooster_arrival_statue_3, layout_rooms,
          nicolae_ecumenical_lake_church, minmay_small_reverse_x
D:2:      layout_loops_ring, palyth_stone_intersect
D:3:      layout_loops_cross
D:4:      layout_loops_ring, mainiacjoe_overflow_brackets,
          nicolae_tso_besieged_by_evil, minmay_temple_entry_wispy,
          eino_tiny_chamber, uniq_natasha, uniq_grinder
D:5:      due_chaos_kobolds, layout_loops_ring, nicolae_ru_path_of_blood,
          amcnicky_mini_rare_corridor_liquid, minmay_misc_feat_hallway,
          uniq_edmund, uniq_crazy_yiuf_cottage

Skill      XL: |  1  2  3  4  5  6  7 |
---------------+----------------------+-----
Stealth        | 3 4 5 |  5.7
Dodging        | 3 4 5 |  5.2
Conjurations   | 5 6 7 |  7.5
Spellcasting   | 4 5 |  5.8
Hexes          | 1 |  1.9

Action                     |  1- 3 |  4- 6 |  7- 9 || total
---------------------------+-------+-------+-------++-------
  Melee: Dagger            |     8 |     6 |       ||    14
   Cast: Magic Dart        |    76 |   101 |    11 ||   188
         Searing Ray       |       |    12 |    14 ||    26
    Use: Scroll            |       |     6 |       ||     6
 Armour: Robe              |     5 |     4 |       ||     9
  Dodge: Dodged            |     7 |    18 |    11 ||    36

Table legend: (Time is in decaauts)
 A = Elapsed time spent in this place.
 B = Non-inter-level travel time spent in this place.
 C = Inter-level travel time spent in this place.
 D = Time resting spent in this place.
 E = Time spent auto-exploring this place.
 F = Levels seen in this place.
 G = Mean time per level.
                   A        B        C        D        E       F      G
               +--------+--------+--------+--------+--------+-----+--------+
         Total |   4890 |   4824 |     66 |    175 |   4060 |   5 |  978.0 |
       Dungeon |   4890 |   4824 |     66 |    175 |   4060 |   5 |  978.0 |
               +--------+--------+--------+--------+--------+-----+--------+

Top non-repeatable levels by time:
     D:3: 1053 daAuts
     D:2: 1025 daAuts
     D:4: 1024 daAuts
     D:5: 961 daAuts
     D:1: 825 daAuts
